 Dungeon Crawl Stone Soup version 0.28.0-43-g3370ac3207 (webtiles) character file.

Game seed: 13299403499458379707

79207 protoss039 the Eclecticist (level 15, -11/114 HPs)
             Began as a Deep Elf Fire Elementalist on Mar 23, 2022.
             Was a High Priest of Sif Muna.
             Killed by divine providence
             ... invoked by an orc priest
              (16 damage)
             ... on level 2 of the Orcish Mines on Mar 24, 2022.
             The game lasted 01:44:50 (33898 turns).

protoss039 the Eclecticist (DEFE)                  Turns: 33898, Time: 01:44:52

Health: -11/114    AC: 30    Str:  5    XL:     15   Next: 20%
Magic:  39/47      EV: 18    Int: 28    God:    Sif Muna [*****.]
Gold:   1748       SH:  0    Dex: 15    Spells: 17/49 levels left

rFire   + . .      SeeInvis +   B - +5 great sword of Tikken {flame, Fly rN+ SInv}
rCold   . . .      Faith    .   (shield currently unavailable)
rNeg    + + .      Spirit   .   (armour currently unavailable)
rPois   ∞          Reflect  .   (helmet restricted)
rElec   +          Harm     .   D - +2 cloak {rCorr}
rCorr   +          Rampage  .   (gloves currently unavailable)
Will    +....                   (boots currently unavailable)
Stlth   ++........              C - amulet of regeneration
HPRegen 1.09/turn               j - ring of protection from fire
MPRegen 0.30/turn               F - ring of magical power

@: agile, statue-form, flying, very slow
A: slow and powerful, torment resistance 1, boosted hp, horns 1
a: End Transformation, Renounce Religion, Channel Magic, Forget Spell, Divine
Exegesis


You were on level 2 of the Orcish Mines.
You worshipped Sif Muna.
Sif Muna was extremely pleased with you.
You were a living statue of rough stone.
You visited 4 branches of the dungeon, and saw 24 of its levels.
You also visited: Gauntlet.

You collected 2276 gold pieces.
You spent 528 gold pieces at shops.

Inventory:

Hand Weapons
 i - the +1 short sword "Lawer" {drain, rElec Int+4}
   (You found it on level 3 of the Dungeon)

   A truly terrible weapon, it drains the life of any living foe it strikes.
   Int:       It affects your intelligence (+4).
   rElec:     It insulates you from electricity.
 p - the +6 mace of Gloom {vorpal, rElec rF+ rC+ Dex-5}
   (You took it off a gnoll on level 5 of the Dungeon)

   It inflicts extra damage upon your enemies.
   Dex:       It affects your dexterity (-5).
   rF:        It protects you from fire.
   rC:        It protects you from cold.
   rElec:     It insulates you from electricity.
 B - the +5 great sword of Tikken (weapon) {flame, Fly rN+ SInv}
   (You found it on level 15 of the Dungeon)

   It burns those it strikes, dealing additional fire damage.
   Big, fiery blades are also staple armaments of hydra-hunters.
   rN:        It protects you from negative energy.
   SInv:      It lets you see invisible.
   Fly:       It grants you flight.
 I - the +8 whip "Snakebite" {venom, curare, rPois}
   (You found it on level 14 of the Dungeon)

   It poisons the flesh of those it strikes.
   It occasionally inflicts asphyxiating poison on those it strikes, dealing
   poison damage and causing slowness.
   rPois:     It protects you from poison.
Missiles
 m - 2 throwing nets
Armour
 a - a +0 robe (melded)
 o - a +0 pair of gloves (melded)
 D - a +2 cloak of preservation (worn)
 H - a +0 pair of boots (melded)
 J - the +2 helmet of Kinkask {Drain Slay+4}
   (You found it in a Gauntlet)

   Slay:      It affects your accuracy & damage with ranged weapons and melee
   (+4).
   Drain:     It drains your maximum health when unequipped.
Magical Staves
 s - a staff of fire
 E - a staff of death
Jewellery
 j - a ring of protection from fire (left fist)
 q - a ring of fire
 C - an amulet of regeneration (around neck)
 F - a ring of magical power (right fist)
 G - a ring of protection from fire
Wands
 t - a wand of acid (11)
 v - a wand of paralysis (7)
 y - a wand of iceblast (30)
 K - a wand of polymorph (15)
Scrolls
 b - 5 scrolls of blinking
 d - 3 scrolls of fog
 e - 6 scrolls of magic mapping
 f - a scroll of identify
 h - a scroll of enchant armour {unknown}
 l - 11 scrolls of teleportation
 r - 4 scrolls of amnesia
 w - 2 scrolls of fear
 P - a scroll of torment {unknown}
 Q - 3 scrolls of vulnerability {unknown}
 T - a scroll of holy word {unknown}
Potions
 c - a potion of might
 g - 7 potions of brilliance
 k - 4 potions of invisibility
 n - 6 potions of haste
 u - a potion of resistance
 x - 2 potions of heal wounds
 z - 2 potions of mutation
 A - 9 potions of curing
 N - a potion of magic
Miscellaneous
 L - a lightning rod (4/4)
 M - a tin of tremorstones (2/2)


   Skills:
 * Level 8.2 Fighting
 - Level 3.0 Dodging
 - Level 3.0 Stealth
 + Level 17.6 Spellcasting
 + Level 9.2 Conjurations
 - Level 6.0 Hexes
 - Level 9.0 Necromancy
 + Level 9.0 Transmutations
 * Level 11.8 Fire Magic
 - Level 3.0 Air Magic
 - Level 9.0 Earth Magic
 - Level 3.0 Poison Magic
 * Level 10.1 Invocations


You had 17 spell levels left.
You knew the following spells:

 Your Spells              Type           Power      Damage    Failure   Level
a - Foxfire               Conj/Fire      100%       2x1d9     1%          1
b - Scorch                Fire           100%       2d10      1%          2
c - Flame Wave            Conj/Fire      70%        2d13      1%          4
d - Inner Flame           Hex/Fire       65%        N/A       1%          3
f - Statue Form           Tmut/Erth      44%        N/A       7%          6
g - Irradiate             Conj/Tmut      33%        3d24      1%          5
h - Borgnjor's Vile Clut  Necr/Erth      33%        N/A       1%          5
i - Stone Arrow           Conj/Erth      100%       3d13      1%          3
j - Mephitic Cloud        Conj/Pois/Air  52%        N/A       1%          3

Your spell library contained the following spells:

 Spells                   Type           Power      Damage    Failure   Level
 Magic Dart               Conj           100%       1d8       1%          1
 Pain                     Necr           100%       1d9       1%          1
 Slow                     Hex            100%       N/A       1%          1
 Sting                    Tmut/Pois      100%       1d8       1%          1
 Sublimation of Blood     Necr           66%        N/A       1%          2
 Confusing Touch          Hex            55%        N/A       1%          3
 Conjure Flame            Conj/Fire      70%        6-21      1%          3
 Spider Form              Tmut/Pois      55%        N/A       1%          3
 Summon Guardian Golem    Hex/Summ       41%        N/A       1%          3
 Tukima's Dance           Hex            55%        N/A       1%          3
 Vampiric Draining        Necr           66%        2d10      1%          3
 Anguish                  Hex/Necr       30%        N/A       1%          4
 Cause Fear               Hex            27%        N/A       1%          4
 Petrify                  Tmut/Erth      66%        N/A       1%          4
 Agony                    Necr           66%        N/A       1%          5
 Excruciating Wounds      Necr           33%        N/A       1%          5
 Call Imp                 Summ           24%        N/A       2%          2
 Animate Armour           Summ/Erth      98%        N/A       2%          4
 Death Channel            Necr           33%        N/A       7%          6
 Summon Lightning Spire   Summ/Air       33%        N/A       10%         4
 Summon Ice Beast         Ice/Summ       24%        N/A       19%         4
 Orb of Destruction       Conj           33%        9d10      34%         7
 Dragon Form              Tmut           33%        N/A       36%         7
 Summon Forest            Summ/Tloc      12%        N/A       45%         5
 Enfeeble                 Hex            27%        N/A       78%         7
 Storm Form               Tmut/Air       27%        N/A       78%         7
 Spellforged Servitor     Conj/Summ      25%        N/A       93%         7
 Dispersal                Tloc           12%        N/A       95%         6
 Lehudib's Crystal Spear  Conj/Erth      33%        10d8      96%         8
 Summon Hydra             Summ           12%        N/A       100%        7
 Disjunction              Tloc           12%        N/A       100%        8
 Maxwell's Capacitive Co  Air            20%        ∞         100%        8
 Death's Door             Necr           33%        N/A       100%        9
 Dragon's Call            Summ           12%        N/A       100%        9


Dungeon Overview and Level Annotations

Branches:
Dungeon (15/15)            Temple (1/1) D:7            Lair (6/6) D:10
 Shoals (0/4) Lair:3       Spider (0/4) Lair:3        Slime (0/5) Lair:5
    Orc (2/2) D:11         Vaults (0/5) D:13         Depths (0/4) D:15
Gauntlet (visited)
    Elf: Orc:2

Altars:
Ashenzari
Cheibriados
Dithmenos
Elyvilon
Fedhas
Gozag
Hepliaklqana
Kikubaaqudgha
Makhleb
Nemelex Xobeh
Okawaru
Qazlal
Ru
Sif Muna
Trog
Uskayaw
Vehumet
Wu Jian
Xom
Yredelemnul
Zin
The Shining One
Jiyva

Shops:
D:3 *   D:9 *   Orc:1 !

Annotations:
D:6 1 runed translucent door, Fairytaker's ghost, novice TrFi
Lair:3 1 runed translucent door, Loywebes's ghost, journeyman MiFi
Orc:2 Saint Roka


Innate Abilities, Weirdness & Mutations

You are a living statue of rough stone.
Your actions are slow, but your melee attacks are powerful.
You are resistant to unholy torment.
Your maximum health is greatly increased.
You are immune to poison.
Your equipment is partially melded.
You have a pair of small horns on your head.


Message History

Sif Muna accepts your kill.
An orc comes into view. It is wielding a +0 whip.
The warg bites you but does no damage.
The orc high priest hits the orc warrior but does no damage.
Saint Roka roars a battlecry!
The orc goes into a battle-frenzy!
The orc priest begins to cast a cantrip, but forgets the words!
The chaos spawn completely misses you.
The orc is engulfed in noxious fumes.
The orc appears confused.
The orc warrior is engulfed in noxious fumes.
The orc warrior appears confused.
The orc warrior hits the orc high priest with a +0 mace!!
Unknown command.
Unknown command.
Unknown command.
The warg bites you!
* * * LOW HITPOINT WARNING * * *
The orc priest hits the warg with a +0 dagger.
The orc high priest hits you but does no damage.
The orc high priest barely misses itself.
Saint Roka calls down the wrath of Beogh upon you.
Beogh smites you!
* * * LOW HITPOINT WARNING * * *
The sun demon closely misses you. The chaos spawn gores you!
* * * LOW HITPOINT WARNING * * *
The chaos spawn shocks you. You resist.
* * * LOW HITPOINT WARNING * * *
The warg misses you.
The orc priest is engulfed in noxious fumes.
The orc priest appears confused.
The orc warrior is engulfed in noxious fumes.
The orc warrior appears confused.
The orc warrior hits the orc high priest with a +0 mace!!
The orc high priest is killed!
Sif Muna accepts your kill.
The sun demon disappears in a puff of smoke!
The chaos spawn degenerates into a cloud of primal chaos!
The orc priest mumbles some strange prayers to Beogh against you.
Beogh smites you!
You die...

. #T..O.........#
.##.o...$.#.....#
..........##.[..#
#....#.##.....######
#.....##..ooo.......
##........°○o...o...
#.....o.○○o°.....#.
##.......☼°)ho......
#.........[8§o....#.
##...<....§[)..#...#
##.#..........## ...
#..............# .#
##.#.......##.##
#####.#...# ##
####.## #...# ##.##


You could see Saint Roka, a warg, an orc warrior (strong, confused), 4 orc
priests and 3 orcs.

Vanquished Creatures
  A dire elephant (Lair:6)
  A minotaur (Gauntlet)
  Snorg (Orc:1)
  3 fire dragons (D:15)
  3 catoblepae
  10 hydras
  Erica (D:9)
  2 boulder beetles
  8 two-headed ogres
  3 centaur warriors
  2 dancing weapons (D:13)
  A deep troll shaman (Lair:6)
  2 tengu warriors (D:15)
  6 death yaks (Lair:6)
  2 orc high priests
  A death drake (Gauntlet)
  An orc knight (D:15)
  A necromancer (Gauntlet)
  A wolf spider zombie (Gauntlet)
  4 lindwurms (Lair:2)
  A deep elf pyromancer (D:14)
  A wizard (D:15)
  Pikel (D:7)
  7 ugly things
  3 cyclopes
  3 manticores (D:15)
  An elephant (shapeshifter) (D:15)
  A smoke demon (Gauntlet)
  3 merfolk sirens (Lair:3)
  9 elephants
  6 black mambas
  10 cane toads
  7 komodo dragons
  7 rime drakes
  A kobold demonologist (D:12)
  A yaktaur (shapeshifter) (D:13)
  An unseen horror (D:11)
  An efreet (D:14)
  3 freezing wraiths
  A red devil (Gauntlet)
  6 trolls
  A hornet (D:9)
  A polar bear (shapeshifter) (D:14)
  A wind drake (shapeshifter) (D:13)
  A merfolk (Lair:3)
  4 polar bears
  4 slime creatures (D:14)
  11 dream sheep
  14 blink frogs
  A blink frog (shapeshifter) (D:15)
  A shadow (D:11)
  34 yaks
  Sigmund (D:6)
  Eustachio (D:4)
  2 wyverns
  5 basilisks
  A wraith (D:10)
  2 vampire mosquitoes (D:15)
  3 wargs (Orc:2)
  15 water moccasins
  4 acid dragons
  Duvessa (D:7)
  A spectral hornet (Gauntlet)
  12 orc warriors
  2 black bears
  2 ice beasts (D:8)
  A sky beast (D:8)
  3 ogres (Orc:2)
  4 boggarts (D:14)
  4 necrophages
  28 wolves
  3 centaurs (D:9)
  2 lemures (D:7)
  3 kobold brigands
  11 bullfrogs
  4 gnoll sergeants
  A water moccasin zombie (D:5)
  Dowan (D:7)
  7 wights
  15 killer bees
  An electric eel (D:8)
  4 howler monkeys
  2 crimson imps (Gauntlet)
  2 bullfrog zombies (D:5)
  2 hounds
  2 centaur zombies
  16 orc priests
  A gnoll shaman (D:8)
  4 iguanas
  18 orc wizards
  A killer bee zombie (D:4)
  4 centaur simulacra
  2 howler monkey zombies
  7 adders
  32 gnolls
  A howler monkey skeleton (D:5)
  7 white imps
  3 ufetubi
  5 worms
  2 dart slugs
  58 orcs
  4 ball pythons
  9 bats
  7 endoplasms
  10 hobgoblins
  9 jackals
  3 quokkas (D:1)
  6 frilled lizards (D:3)
  9 goblins
  14 kobolds
  6 rats
591 creatures vanquished.

Vanquished Creatures (collateral kills)
  11 foxfires
11 creatures vanquished.

Vanquished Creatures (others)
  17 demonic plants (Gauntlet)
  879 foxfires
  33 fungi
  19 plants
  4 toadstools (D:4)
952 creatures vanquished.

Grand Total: 1554 creatures vanquished

Notes
Turn   | Place    | Note
-------+----------+-------------------------------------------
     0 | D:1      | protoss039 the Deep Elf Fire Elementalist began the quest
                  | for the Orb.
     0 | D:1      | Reached XP level 1. HP: 10/10 MP: 6/6
    96 | D:1      | Reached XP level 2. HP: 7/15 MP: 2/8
   419 | D:1      | Got the Almanac of Earthen Poisoning
   940 | D:1      | Reached XP level 3. HP: 19/19 MP: 6/10
  1389 | D:2      | Found a faded altar of an unknown god.
  1775 | D:2      | Learned a level 2 spell: Scorch
  1887 | D:3      | Identified the +1 short sword "Lawer" {drain, rElec Int+4}
  2049 | D:3      | Noticed a necrophage
  2100 | D:3      | Killed a necrophage
  2101 | D:3      | Reached skill level 4 in Spellcasting
  2101 | D:3      | Reached XP level 4. HP: 23/24 MP: 6/12
  2101 | D:3      | Reached XP level 5. HP: 27/28 MP: 6/13
  2105 | D:3      | Learned a level 3 spell: Conjure Flame
  2109 | D:3      | Learned a level 3 spell: Inner Flame
  2114 | D:3      | Learned a level 4 spell: Flame Wave
  2205 | D:3      | Found a glowing silver altar of Zin.
  2205 | D:3      | Noticed an angel
  2366 | D:3      | Reached skill level 1 in Hexes
  2553 | D:3      | Reached skill level 5 in Spellcasting
  2777 | D:3      | Found a snail-covered altar of Cheibriados.
  2843 | D:3      | Found Ummer's General Store.
  3355 | D:4      | Reached skill level 5 in Fire Magic
  3357 | D:4      | Reached XP level 6. HP: 28/32 MP: 9/16
  3901 | D:4      | Found an ornate altar of the Wu Jian Council.
  3912 | D:4      | Reached skill level 6 in Spellcasting
  4023 | D:4      | Found a burning altar of Makhleb.
  4033 | D:4      | Noticed Eustachio
  4042 | D:4      | Killed Eustachio
  4043 | D:4      | Reached XP level 7. HP: 27/36 MP: 4/18
  4176 | D:4      | Found a broken altar of Ashenzari.
  4768 | D:5      | Entered Level 5 of the Dungeon
  4777 | D:5      | Reached skill level 7 in Spellcasting
  5120 | D:5      | Reached XP level 8. HP: 41/41 MP: 8/21
  5483 | D:5      | Identified the +6 mace of Gloom {vorpal, rElec rF+ rC+
                  | Dex-5}
  5494 | D:5      | Reached skill level 8 in Spellcasting
  6058 | D:5      | Learned a level 6 spell: Statue Form
  6323 | D:6      | Noticed Sigmund
  6544 | D:6      | Reached skill level 1 in Earth Magic
  6549 | D:6      | Reached skill level 1 in Transmutations
  7543 | D:6      | Found a runed translucent door.
  7563 | D:6      | Noticed Fairytaker's ghost (novice TrFi)
  7692 | D:6      | Killed Sigmund
  7693 | D:6      | Reached skill level 9 in Spellcasting
  7778 | D:6      | Found a sacrificial altar of Ru.
  7778 | D:6      | Found a faded altar of an unknown god.
  7785 | D:6      | Found a bloodstained altar of Trog.
  7787 | D:6      | Found a glowing golden altar of the Shining One.
  7789 | D:6      | Found a faded altar of an unknown god.
  8732 | D:7      | Noticed Pikel
  8751 | D:7      | Killed Pikel
  8752 | D:7      | Reached XP level 9. HP: 45/45 MP: 18/24
  8851 | D:7      | Noticed Duvessa
  8852 | D:7      | Noticed Dowan
  8861 | D:7      | Killed Dowan
  8862 | D:7      | Reached skill level 10 in Spellcasting
  8862 | D:7      | Killed Duvessa
  8876 | D:7      | Reached skill level 5 in Conjurations
  9112 | D:7      | Found a staircase to the Ecumenical Temple.
  9121 | Temple   | Entered the Ecumenical Temple
  9246 | Temple   | Became a worshipper of Sif Muna the Loreminder
  9465 | D:7      | Learned a level 3 spell: Stone Arrow
  9471 | D:7      | Learned a level 5 spell: Borgnjor's Vile Clutch
  9502 | D:8      | Reached skill level 1 in Fighting
  9530 | D:8      | Noticed a two-headed ogre
  9535 | D:8      | Killed a two-headed ogre
  9536 | D:8      | Reached skill level 1 in Necromancy
  9536 | D:8      | Reached skill level 1 in Invocations
  9882 | D:8      | Noticed a two-headed ogre
  9911 | D:8      | Killed a two-headed ogre
  9912 | D:8      | Reached skill level 11 in Spellcasting
  9912 | D:8      | Reached XP level 10. HP: 44/53 MP: 0/27
 10050 | D:8      | Found a stormy altar of Qazlal.
 10143 | D:8      | Reached * piety under Sif Muna
 10659 | D:8      | Found a sparkling altar of Nemelex Xobeh.
 11087 | D:9      | Reached skill level 5 in Earth Magic
 11099 | D:9      | Noticed Erica
 11107 | D:9      | Killed Erica
 11673 | D:9      | Reached skill level 5 in Transmutations
 11701 | D:9      | Reached ** piety under Sif Muna
 12129 | D:9      | Found Vaxzureo's Island Escapes.
 12390 | D:9      | Reached skill level 12 in Spellcasting
 12665 | D:9      | Found an opulent altar of Gozag.
 13072 | D:9      | Learned a level 5 spell: Irradiate
 13073 | D:10     | Entered Level 10 of the Dungeon
 13076 | D:10     | Reached XP level 11. HP: 60/60 MP: 20/29
 13389 | D:10     | Noticed a two-headed ogre
 13478 | D:10     | Killed a two-headed ogre
 13896 | D:10     | Found a blossoming altar of Fedhas.
 13896 | D:10     | Found an iron altar of Okawaru.
 13960 | D:10     | Found a staircase to the Lair.
 14179 | D:11     | Found a gate leading to a gauntlet.
 14317 | Gauntlet | Entered a Gauntlet
 14317 | Gauntlet | Found a transporter.
 14381 | Gauntlet | Noticed a necromancer
 14383 | Gauntlet | Found the brooch of Shielding {Spirit SH+8}
 14388 | Gauntlet | Found a transporter.
 14398 | Gauntlet | Found a transporter.
 14400 | Gauntlet | Noticed a death drake
 14401 | Gauntlet | Noticed a glowing orange brain
 14403 | Gauntlet | Found a transporter.
 14418 | Gauntlet | Found a transporter.
 14436 | Gauntlet | Noticed a glowing orange brain
 14437 | Gauntlet | Found a transporter.
 14438 | Gauntlet | Noticed a red ugly thing
 14444 | Gauntlet | Noticed a purple ugly thing
 14445 | Gauntlet | Found a large runed translucent door.
 14446 | Gauntlet | Found a large runed translucent door.
 14447 | Gauntlet | Found a large runed translucent door.
 14447 | Gauntlet | Found a large runed translucent door.
 14448 | Gauntlet | Found a runed translucent gate.
 14449 | Gauntlet | Found a transporter.
 14449 | Gauntlet | Found a runed translucent gate.
 14450 | Gauntlet | Found a runed translucent gate.
 14451 | Gauntlet | Found a large runed translucent door.
 14451 | Gauntlet | Found a large runed translucent door.
 14451 | Gauntlet | Found a runed translucent door.
 14451 | Gauntlet | Found a runed translucent door.
 14451 | Gauntlet | Noticed a death drake
 14452 | Gauntlet | Found a large runed translucent door.
 14453 | Gauntlet | Found a large runed translucent door.
 14455 | Gauntlet | Found a transporter.
 14460 | Gauntlet | Found a large runed translucent door.
 14460 | Gauntlet | Found a large runed translucent door.
 14461 | Gauntlet | Found a large runed translucent door.
 14462 | Gauntlet | Found a large runed translucent door.
 14470 | Gauntlet | Found a transporter.
 14472 | Gauntlet | Found a large runed translucent door.
 14472 | Gauntlet | Found a large runed translucent door.
 14473 | Gauntlet | Found a large runed translucent door.
 14474 | Gauntlet | Found a large runed translucent door.
 14474 | Gauntlet | Noticed a green death
 14476 | Gauntlet | Found a transporter.
 14487 | Gauntlet | Noticed a thrashing horror
 14491 | Gauntlet | Found a transporter.
 14503 | Gauntlet | Found a transporter.
 14509 | Gauntlet | Found a transporter.
 14509 | Gauntlet | Found a transporter.
 14548 | Gauntlet | Found a transporter.
 14573 | Gauntlet | Found a transporter.
 14575 | Gauntlet | Found a transporter.
 14595 | Gauntlet | Found a transporter.
 14776 | Gauntlet | Reached skill level 5 in Necromancy
 14776 | Gauntlet | Reached skill level 10 in Fire Magic
 14837 | Gauntlet | Reached skill level 5 in Hexes
 14837 | Gauntlet | Killed a necromancer
 14838 | Gauntlet | Reached *** piety under Sif Muna
 14971 | Gauntlet | Killed a death drake
 14983 | Gauntlet | Identified the +2 helmet of Kinkask {Drain Slay+4}
 15109 | Gauntlet | Noticed a minotaur
 15118 | Gauntlet | Killed a minotaur
 16196 | D:11     | Noticed a six-headed hydra
 16202 | D:11     | Killed a six-headed hydra
 16203 | D:11     | Reached XP level 12. HP: 37/66 MP: 2/30
 16582 | D:11     | Found a staircase to the Orcish Mines.
 16795 | D:12     | Noticed a two-headed ogre
 16798 | D:12     | Killed a two-headed ogre
 16906 | D:12     | Noticed a two-headed ogre
 16912 | D:12     | Killed a two-headed ogre
 17255 | D:12     | Noticed a two-headed ogre
 17261 | D:12     | Killed a two-headed ogre
 17361 | D:12     | Found the +7 mace of Variability {chain chaos}
 17483 | D:12     | Reached **** piety under Sif Muna
 17908 | D:13     | Noticed a death knight
 17912 | D:13     | Reached skill level 13 in Spellcasting
 18218 | D:13     | Noticed a centaur warrior
 18218 | D:13     | Noticed a catoblepas
 18221 | D:13     | Reached skill level 5 in Invocations
 18227 | D:13     | Killed a centaur warrior
 18249 | D:13     | Killed a catoblepas
 18250 | D:13     | Reached skill level 5 in Fighting
 18589 | D:13     | Found a gate to the Vaults.
 19407 | D:13     | Identified the +0 spear "Pebued" {pain, rElec}
 19437 | D:14     | Found the +8 whip "Snakebite" {venom, curare, rPois}
 19479 | D:14     | Noticed a two-headed ogre
 19486 | D:14     | Killed a two-headed ogre
 19756 | D:14     | Noticed a boulder beetle
 19757 | D:14     | Noticed a six-headed hydra
 19774 | D:14     | Killed a six-headed hydra
 19791 | D:14     | Noticed a five-headed hydra
 19818 | D:13     | Killed a five-headed hydra
 20065 | D:14     | Noticed a centaur warrior
 20087 | D:14     | Noticed a five-headed hydra
 20096 | D:14     | Killed a centaur warrior
 20149 | D:14     | Killed a five-headed hydra
 20150 | D:14     | Reached XP level 13. HP: 74/74 MP: 22/32
 20939 | D:15     | Entered Level 15 of the Dungeon
 20962 | D:15     | Identified the +5 great sword of Tikken {flame, Fly rN+
                  | SInv}
 21458 | D:15     | Reached skill level 14 in Spellcasting
 21832 | D:15     | Reached ***** piety under Sif Muna
 22504 | D:15     | Found a snail-covered altar of Cheibriados.
 22584 | D:15     | Found the +8 longbow "Zephyr" {speed, Dex+3 SInv}
 22843 | D:15     | Noticed a fire dragon
 22857 | D:15     | Killed a fire dragon
 22880 | D:15     | Noticed a fire dragon
 22887 | D:15     | Killed a fire dragon
 22892 | D:15     | Found a staircase to the Depths.
 23172 | D:15     | Noticed a fire dragon
 23184 | D:15     | Killed a fire dragon
 23185 | D:15     | Reached skill level 15 in Spellcasting
 23415 | D:15     | Identified the +10 whip of Ilotz {elec, rElec rPois Will-
                  | Int+6}
 23548 | Lair:1   | Entered Level 1 of the Lair of Beasts
 24771 | Lair:1   | Learned a level 3 spell: Mephitic Cloud
 25193 | Lair:2   | Reached skill level 1 in Poison Magic
 25214 | Lair:2   | Identified the +1 ring mail of Fedhas's Displeasure {Dex+3}
 25531 | Lair:2   | Reached XP level 14. HP: 48/82 MP: 21/35
 26252 | Lair:3   | Found a hole to the Spider Nest.
 26330 | Lair:3   | Found a runed translucent door.
 26332 | Lair:3   | Noticed Loywebes's ghost (journeyman MiFi)
 26367 | Lair:3   | Received a gift from Sif Muna
 26375 | Lair:3   | Reached skill level 1 in Air Magic
 26375 | Lair:3   | Found a staircase to the Shoals.
 27049 | Lair:3   | Gained mutation: You have a pair of small horns on your
                  | head. [mutagenic glow]
 27051 | Lair:3   | Reached skill level 16 in Spellcasting
 30032 | Lair:5   | Found a viscous altar of Jiyva.
 30033 | Lair:5   | Found a staircase to the Slime Pits.
 30483 | Lair:6   | Entered Level 6 of the Lair of Beasts
 30702 | Lair:6   | Received a gift from Sif Muna
 30705 | Lair:6   | Got Sif Muna's Volume of Companions and Evil Secrets {god
                  | gift}
 31596 | Lair:6   | Reached skill level 17 in Spellcasting
 32476 | Lair:6   | Reached XP level 15. HP: 88/88 MP: 38/38
 33149 | Orc:1    | Entered Level 1 of the Orcish Mines
 33149 | Orc:1    | Noticed Snorg
 33159 | Orc:1    | Reached skill level 10 in Invocations
 33160 | Orc:1    | Killed Snorg
 33336 | Orc:1    | Found Pouwkim's Distillery.
 33339 | Orc:1    | Bought a potion of curing for 33 gold pieces
 33339 | Orc:1    | Bought a potion of mutation for 88 gold pieces
 33339 | Orc:1    | Bought a potion of magic for 88 gold pieces
 33339 | Orc:1    | Bought a potion of haste for 110 gold pieces
 33339 | Orc:1    | Bought a potion of haste for 110 gold pieces
 33339 | Orc:1    | Bought a potion of brilliance for 44 gold pieces
 33339 | Orc:1    | Bought a potion of heal wounds for 55 gold pieces
 33430 | Orc:2    | Entered Level 2 of the Orcish Mines
 33475 | Orc:2    | Noticed Saint Roka
 33792 | Orc:2    | Received a gift from Sif Muna
 33898 | Orc:2    | HP: 5/114 [chaos spawn[an orc high priest] (2)]
 33898 | Orc:2    | Killed from afar by an orc priest

Illustrated notes

Levels and vault maps discovered:
D:1:      lemuel_arrival_lava_pool, layout_rooms
D:2:      layout_rooms, hellmonk_ecumenical_altar_dog_temple
D:3:      minmay_octagon_keep, layout_loops_ring,
          mainiacjoe_overflow_tiny_flanked, zin_angel, serial_shops,
          nicolae_shop_stone, minmay_misc_feat_diagonals
D:4:      layout_basic, lemuel_crystal_altar, kennysheep_mini,
          mainiacjoe_overflow_small_starburst, minmay_gold_behind_fungi,
          uniq_eustachio
D:5:      layout_loops_ring, glass_columns_a
D:6:      layout_basic, chequers_temple_overflow_minitemple,
          ebering_ghost_reflecting_pool, roderic_roman_lattice,
          nicolae_figureground_pulse, uniq_sigmund
D:7:      layout_basic, lemuel_temple_firewalk_a, uniq_pikel, uniq_duvessa
D:8:      layout_rooms, nemelex_altar_shiori, mainiacjoe_overflow_paths,
          serial_ice, serial_ice_o, serial_ice_b, serial_ice_h, serial_ice_k,
          serial_ice_a, serial_ice_f
D:9:      layout_long_grid, grunt_gozag_breadcrumbs, nicolae_island_escapes,
          uniq_erica
D:10:     layout_big_octagon, gammafunk_temple_overflow_wave, lair_entry_dummy
D:11:     layout_long_grid, david_orc_4, gauntlet_entry_generic
D:12:     layout_loops_ring, hangedman_decor_diamond_cutter
D:13:     layout_loops_corners, erik_vaults_1, hangedman_decor_peaks_small,
          hangedman_decor_points
D:14:     layout_cave_pools, minmay_misc_feat_cross, minivault_24
D:15:     grunt_enter_depths_hoard, layout_layer_cave, cheibriados_altar_2
Temple:   nicolae_temple_figure_zero
Lair:1:   layout_chaotic_city, grunt_megastairs_3
Lair:2:   layout_chaotic_city, st_stairs_3, minmay_lindwurm_lava
Lair:3:   layout_regular_city, elwin_shoals_entry_stream,
          spider_nest_entry_web_field, ebering_ghost_reflecting_pool
Lair:4:   layout_cave_pods
Lair:5:   layout_regular_city, slime_altar_1, infiniplex_staircase_pool_2
Lair:6:   grunt_lair_end_beastmaster, layout_cave_pods, grunt_megastairs_5
Orc:1:    layout_caves, serial_shops, nicolae_shop_behind_doors,
          statue_in_the_mist_lemuel, mines5_lemuel, uniq_josephine, uniq_snorg
Orc:2:    st_orc_town, layout_caves, uniq_saint_roka

Skill      XL: |  1  2  3  4  5  6  7  8  9 10 11 12 13 14 15 |
---------------+----------------------------------------------+-----
Fire Magic     | 4 5 6 8 9 10 11 | 11.8
Dodging        | 3 |  3.0
Stealth        | 3 |  3.0
Spellcasting   | 4 5 6 7 9 11 12 13 15 17 | 17.6
Conjurations   | 2 3 4 5 6 7 8 9 |  9.2
Hexes          | 1 3 4 5 6 |  6.0
Earth Magic    | 3 4 5 9 |  9.0
Transmutations | 3 4 5 8 9 |  9.0
Fighting       | 2 3 4 5 7 8 |  8.2
Necromancy     | 2 4 5 6 8 9 |  9.0
Invocations    | 2 3 4 6 8 9 10 | 10.1
Poison Magic   | 1 3 |  3.0
Air Magic      | 3 |  3.0

Action                   |  1- 3 |  4- 6 |  7- 9 | 10-12 | 13-15 || total
-------------------------+-------+-------+-------+-------+-------++-------
Melee: Dagger            |    38 |       |       |       |       ||    38
       Short sword       |    12 |    23 |     4 |    11 |       ||    50
       Mace              |       |       |       |    16 |    13 ||    29
       Whip              |       |       |       |     7 |    23 ||    30
       Great sword       |       |       |       |       |   178 ||   178
       Headbutt          |       |       |       |       |    36 ||    36
 Cast: Foxfire           |    79 |    75 |   124 |   104 |   145 ||   527
       Scorch            |     2 |    22 |    66 |    26 |     2 ||   118
       Conjure Flame     |       |     1 |     4 |     1 |       ||     6
       Inner Flame       |       |       |    28 |    78 |     6 ||   112
       Stone Arrow       |       |       |     9 |    45 |    46 ||   100
       Borgnjor's Vile C |       |       |       |    65 |   137 ||   202
       Flame Wave        |       |       |       |     5 |     5 ||    10
       Irradiate         |       |       |       |    14 |    60 ||    74
       Statue Form       |       |       |       |    12 |    50 ||    62
       Mephitic Cloud    |       |       |       |       |    17 ||    17
 Abil: End Transformatio |       |       |       |     9 |    27 ||    36
  Use: Scroll            |       |       |       |    14 |     9 ||    23
       Potion            |       |       |       |     1 |     1 ||     2
 Stab: Sleeping          |     4 |     1 |     1 |       |     1 ||     7
       Confused          |       |       |       |       |     1 ||     1
Armor: Robe              |    11 |     4 |    10 |    15 |    31 ||    71
       Skin              |       |       |       |    85 |   419 ||   504
Dodge: Dodged            |    46 |    28 |    17 |   118 |   431 ||   640
